 Dungeon Crawl Stone Soup version 0.23.0 (webtiles) character file.

Game seed: 2912097163803556608

2991 GotenAND the Cleaver (level 9, -14/81 HPs)
             Began as a Deep Dwarf Fighter on Feb 12, 2019.
             Was a Follower of Makhleb.
             Demolished by an orc warrior
             ... wielding a +0 glaive
              (15 damage)
             ... in a bailey.
             The game lasted 00:16:55 (5899 turns).

GotenAND the Cleaver (Deep Dwarf Fighter)           Turns: 5899, Time: 00:16:55

Health: -14/81     AC: 12    Str: 23    XL:     9   Next: 54%
Magic:  1/1        EV:  5    Int:  9    God:    Makhleb [*.....]
Gold:   587        SH: 14    Dex: 12    Spells: 8/8 levels left

rFire    + + .     SeeInvis .   a - +0 war axe
rCold    x . .     Gourm    .   c - +0 shield
rNeg     . . .     Faith    .   g - +0 plate armour
rPois    .         Spirit   .   (no helmet)
rElec    .         Reflect  +   k - scarf {cloud immunity}
rCorr    .         Harm     .   (no gloves)
MR       +....                  (no boots)
Stlth    ..........             j - +3 amulet of reflection
HPRegen  0.00/turn              B - ring of protection from fire
MPRegen  0.07/turn              u - ring of fire

@: non-regenerating, drained
A: damage resistance, heal wounds, sense surroundings 2, no regeneration
a: Heal Wounds, Renounce Religion


You were in a bailey.
You worshipped Makhleb.
Makhleb was aware of your devotion.
You were not hungry.

You visited 2 branches of the dungeon, and saw 9 of its levels.
You also visited: Bailey.

You collected 587 gold pieces.

Inventory:

Hand Weapons
 a - a +0 war axe (weapon)
 p - the +2 hand axe "Xaqiqeck" {antimagic, +Blink +Fly rElec Str-3}
   (You found it on level 5 of the Dungeon)

   It reduces the magical energy of the wielder, and disrupts the spells and
   magical abilities of those hit.
   Natural abilities and divine invocations are not affected.
   It affects your strength (-3).
   It insulates you from electricity.
   It lets you fly.
   It lets you blink.
 y - a +1 hand axe of flaming
Armour
 b - a +0 scale mail
 c - a +0 shield (worn)
 g - a +0 plate armour (worn)
 k - a scarf of cloud immunity (worn)
Jewellery
 j - a +3 amulet of reflection (around neck)
 u - a ring of fire (right hand)
 B - a ring of protection from fire (left hand)
Wands
 r - a wand of digging (6)
 s - a wand of random effects (24)
Scrolls
 h - a scroll of amnesia
 i - 6 scrolls of remove curse
 l - 2 scrolls of magic mapping
 m - 3 scrolls of teleportation
 v - a scroll of enchant armour {unknown}
 x - 6 scrolls of fog
Potions
 d - 3 potions of might
 e - 2 potions of heal wounds
 n - 2 potions of curing
 o - 3 potions of cancellation
 q - a potion of haste {unknown}
 w - a potion of flight {unknown}
 z - a potion of resistance {unknown}
Comestibles
 f - 17 rations
 t - 22 chunks of flesh


   Skills:
 * Level 5.4(4.7) Fighting
 * Level 10.0(9.2) Axes
 * Level 6.7(6.0) Armour
 * Level 7.8(7.0) Shields


You had 8 spell levels left.
You didn't know any spells.
Your spell library contained the following spells:

 Spells                   Type           Power        Failure   Level  Hunger
 Beastly Appendage        Tmut           #.....       100%        1    ##.....
 Summon Small Mammal      Summ           #...         100%        1    ##.....
 Call Imp                 Summ           #.......     100%        2    ###....
 Sticks to Snakes         Tmut           #.......     100%        2    ###....
 Call Canine Familiar     Summ           #.......     100%        3    ####...
 Spider Form              Tmut/Pois      #.........   100%        3    ####...
 Summon Guardian Golem    Hex/Summ       #.......     100%        3    ####...
 Ice Form                 Ice/Tmut       #.......     100%        4    #####..
 Summon Ice Beast         Ice/Summ       #.......     100%        4    #####..
 Summon Lightning Spire   Summ/Air       #.......     100%        4    #####..
 Blade Hands              Tmut           #.........   100%        5    ######.


Dungeon Overview and Level Annotations

Branches:
Dungeon (8/15)             Temple (1/1) D:5
   Lair: D:8-11

Altars:
Ashenzari
Cheibriados
Dithmenos
Elyvilon
Fedhas
Gozag
Hepliaklqana
Kikubaaqudgha
Makhleb
Nemelex Xobeh
Okawaru
Qazlal
Ru
Sif Muna
Trog
Uskayaw
Vehumet
Xom
Yredelemnul
Zin
The Shining One


Innate Abilities, Weirdness & Mutations

You are resistant to damage.
You can heal yourself by infusing magical energy.
You passively map the area around you.
You do not regenerate.


Message History

You are too injured to fight recklessly!
Your magical essence is drained by the effort!
You feel much better. You block the orc's attack.
You block the orc warrior's attack. The orc barely misses you.
The orc warrior barely misses you.
The orc warrior hits you from afar with a +0 halberd!!
* * * LOW HITPOINT WARNING * * *
You block the orc's attack.
The orc warrior hits you from afar with a +0 spear.
* * * LOW HITPOINT WARNING * * *
You fail to use your ability.
The orc warrior hits you from afar with a +0 glaive!!
* * * LOW HITPOINT WARNING * * *
The orc warrior hits you but does no damage. x2
The orc hits you but does no damage. You block the orc warrior's attack.
You block the orc's attack. You block the orc warrior's attack.
You fail to use your ability.
The orc hits you with a +0 war axe. The orc completely misses you.
The orc warrior hits you from afar with a +0 glaive!
You die...

####### ######### ,* *
##.....## ##........ ,
#.......######...))....
,,
+...o.oo#....#..))))...
+,,,,
+..ooo@.'....'..)).....
, ,+ ,
,+..oo.o.#....#..)))....
* ,
#...oo..######.........
** ##.....## ##........
####### #########


You could see 6 orc warriors and 5 orcs.

Vanquished Creatures
  Eustachio (D:5)
  Edmund (D:4)
  Menkaure (D:4)
  Duvessa (D:5)
  2 orc warriors
  5 ice beasts
  A necrophage (D:8)
  2 ogres
  A phantom (D:8)
  A centaur (D:8)
  2 bullfrogs (D:7)
  Dowan (D:5)
  A water moccasin skeleton (D:5)
  A wyvern skeleton (D:5)
  4 wights (D:8)
  A bullfrog zombie (D:5)
  A centaur zombie (D:6)
  3 hounds (D:4)
  A jelly (D:8)
  An orc priest (D:4)
  A quasit (D:5)
  4 orc wizards
  An iguana (D:5)
  A bullfrog skeleton (D:6)
  A gnoll shaman (D:8)
  3 worker ants
  2 hound skeletons
  7 gnolls
  A howler monkey zombie (D:4)
  6 adders
  2 oozes
  2 adder skeletons
  3 worms
  2 dart slugs
  7 leopard geckos
  35 orcs
  2 ball pythons
  5 giant cockroaches
  8 hobgoblins
  6 jackals (D:5)
  6 kobolds
  4 quokkas
  7 bats
  5 frilled lizards
  A giant cockroach zombie (D:5)
  8 goblins
  2 leopard gecko skeletons
  A quokka skeleton (D:4)
  10 rats
175 creatures vanquished.

Vanquished Creatures (others)
  2 centaurs (D:7)
2 creatures vanquished.

Grand Total: 177 creatures vanquished

Notes
Turn   | Place    | Note
-------+----------+-------------------------------------------
     0 | D:1      | GotenAND the Deep Dwarf Fighter began the quest for the
                  | Orb.
     0 | D:1      | Reached XP level 1. HP: 20/20 MP: 1/1
   157 | D:1      | Reached XP level 2. HP: 16/27 MP: 2/2
   607 | D:2      | Reached XP level 3. HP: 31/34 MP: 3/3
   688 | D:2      | Reached skill level 3 in Axes
   927 | D:2      | Reached XP level 4. HP: 23/42 MP: 4/4
  1756 | D:3      | Noticed an ogre
  1767 | D:3      | Killed an ogre
  1767 | D:3      | Reached skill level 4 in Axes
  1767 | D:3      | Reached XP level 5. HP: 29/49 MP: 4/4
  1855 | D:3      | Found a deep blue altar of Sif Muna.
  1913 | D:3      | Found a sparkling altar of Nemelex Xobeh.
  1917 | D:3      | Found a shadowy altar of Dithmenos.
  2166 | D:4      | Reached XP level 6. HP: 44/56 MP: 4/4
  2267 | D:4      | Noticed Edmund
  2271 | D:4      | Reached skill level 5 in Axes
  2309 | D:4      | Killed Edmund
  2411 | D:4      | Reached skill level 5 in Shields
  2519 | D:4      | Found a hazy altar of Hepliaklqana.
  2526 | D:4      | Reached XP level 7. HP: 51/63 MP: 5/5
  2584 | D:4      | Noticed Menkaure
  2590 | D:4      | Killed Menkaure
  2590 | D:4      | Reached skill level 6 in Axes
  2590 | D:4      | Reached skill level 5 in Armour
  3022 | D:5      | Entered Level 5 of the Dungeon
  3164 | D:5      | Got an iridescent hand axe
  3165 | D:5      | Identified the +2 hand axe "Xaqiqeck" {antimagic, +Blink
                  | +Fly rElec Str-3} (You found it on level 5 of the Dungeon)
  3175 | D:5      | Noticed Eustachio
  3281 | D:5      | Killed Eustachio
  3425 | D:5      | Reached skill level 7 in Axes
  3440 | D:5      | Found a staircase to the Ecumenical Temple.
  3447 | Temple   | Entered the Ecumenical Temple
  3539 | Temple   | Became a worshipper of Makhleb the Destroyer
  3633 | D:5      | Noticed Duvessa
  3633 | D:5      | Noticed Dowan
  3649 | D:5      | Killed Duvessa
  3649 | D:5      | Reached XP level 8. HP: 49/72 MP: 5/5
  3653 | D:5      | Killed Dowan
  4233 | D:5      | Noticed a moth of wrath
  4236 | D:5      | Found a bloodstained altar of Trog.
  4411 | D:6      | Found a sacrificial altar of Ru.
  4488 | D:6      | Reached skill level 8 in Axes
  5053 | D:7      | Reached skill level 5 in Fighting
  5154 | D:7      | Found the +4 skin of Zhor {Hibernate rC+++ SInv}
  5253 | D:7      | Reached skill level 9 in Axes
  5253 | D:7      | Gained mutation: You passively map the area around you.
                  | [Deep Dwarf growth]
  5253 | D:7      | Reached XP level 9. HP: 70/81 MP: 5/5
  5649 | D:8      | Reached * piety under Makhleb
  5753 | D:8      | Reached skill level 10 in Axes
  5790 | D:8      | Found a flagged portal.
  5799 | Bailey   | Entered a bailey
  5898 | Bailey   | HP: 1/81 [orc warrior/+0 glaive (18)]
  5899 | Bailey   | Demolished by an orc warrior

Skill      XL: |  1  2  3  4  5  6  7  8  9 |
---------------+----------------------------+-----
Fighting       | 3 4 5 |  5.4
Axes           | 3 4 5 7 9 10 | 10.0
Shields        | 4 5 6 7 |  7.8
Armour         | 4 5 6 |  6.7

Action                   |  1- 3 |  4- 6 |  7- 9 || total
-------------------------+-------+-------+-------++-------
Melee: War axe           |   108 |   178 |   459 ||   745
 Abil: Heal Wounds       |     1 |     8 |    15 ||    24
  Use: Scroll            |     2 |       |     9 ||    11
       Potion            |       |       |     6 ||     6
 Stab: Paralysed         |       |       |     2 ||     2
  Eat: Chunk             |       |     6 |    12 ||    18
Armor: Scale mail        |    73 |    73 |   116 ||   262
       Plate armour      |       |       |   213 ||   213
Dodge: Dodged            |    59 |    53 |   155 ||   267
Block: Shield            |    65 |    92 |   462 ||   619
       Reflection        |       |       |    17 ||    17
